 Dungeon Crawl Stone Soup version 0.18.1-5-g4a78601 (webtiles) character file.

20142 redmage the Severer (level 12, 0/112 HPs)
             Began as a Deep Dwarf Fighter on May 13, 2016.
             Was the Champion of Makhleb.
             Slain by a catoblepas (5 damage)
             ... on level 7 of the Lair of Beasts.
             The game lasted 01:19:44 (5879 turns).

redmage the Severer (Deep Dwarf Fighter)            Turns: 5879, Time: 01:19:45

Health: 0/112      AC: 16    Str: 25    XL:     12   Next: 42%
Magic:  10/10      EV:  2    Int:  9    God:    Makhleb [******]
Gold:   842        SH:  0    Dex: 12    Spells: 2 memorised, 7 levels left

rFire  . . .     SeeInvis .     a - +1 battleaxe
rCold  . . .     Gourm    .     C - +2 chain mail {rPois}
rNeg   + + +     Faith    .     (shield currently unavailable)
rPois  ∞         Spirit   .     (no helmet)
rElec  .         Dismiss  .     b - +0 cloak
rCorr  .         Reflect  .     z - +0 pair of gloves
SustAt .         Harm     .     (no boots)
MR     +....                    A - amulet of rage
Stlth  ..........               o - ring of positive energy
                                (no ring)

@: petrified, non-regenerating, somewhat resistant to hostile enchantments,
extremely unstealthy
A: damage resistance, recharge devices, sense surroundings 2, slow regeneration
3
a: Device Recharging, Minor Destruction, Lesser Servant of Makhleb, Major
Destruction, Greater Servant of Makhleb, Renounce Religion, Evoke Berserk Rage


You were on level 7 of the Lair of Beasts.
You worshipped Makhleb.
Makhleb was exalted by your worship.
You were not hungry.

You visited 3 branches of the dungeon, and saw 20 of its levels.
You also visited: Ice Cave.

You collected 842 gold pieces.

Inventory:

Hand Weapons
 a - a +1 battleaxe (weapon)
 t - a +0 flail of protection
Missiles
 u - 24 poisoned needles
 y - 2 throwing nets (quivered)
 P - 7 curare-tipped needles
Armour
 b - a +0 cloak (worn)
 c - a +0 shield
 i - a +0 plate armour
 z - a +0 pair of gloves (worn)
 C - a +2 chain mail of poison resistance (worn)
Jewellery
 o - a ring of positive energy (right hand)
 x - an uncursed amulet of the gourmand
 A - an amulet of rage (around neck)
 D - an uncursed amulet of magic regeneration
Wands
 e - a wand of heal wounds (1/9)
 n - a wand of paralysis (8/24)
 s - a wand of paralysis (7/24)
 w - a wand of flame (25/48)
 I - a wand of flame (22/48)
 K - a wand of lightning (2/15)
Scrolls
 h - 4 scrolls of fog
 m - a scroll of magic mapping
 q - 4 scrolls of teleportation
 v - 2 scrolls of enchant armour
 G - a scroll of torment
 N - a scroll of remove curse
 O - 2 scrolls of recharging
 Q - a scroll of enchant weapon
Potions
 d - 3 potions of might
 g - 2 potions of ambrosia
 k - 11 potions of curing
 p - 2 potions of cancellation
 r - a potion of heal wounds
 B - a potion of agility
 E - 2 potions of flight
 H - a potion of mutation {unknown}
 J - a potion of cure mutation
 M - a potion of brilliance
Comestibles
 f - 8 bread rations
 l - a meat ration
 F - 4 beef jerkies
 L - 8 slices of pizza


   Skills:
 - Level 8.4 Fighting
 * Level 16.7 Axes
 + Level 9.2 Armour
 - Level 3.2 Shields
 - Level 8.0 Invocations


You had 7 spell levels left.
You knew the following spells:

 Your Spells              Type           Power        Failure   Level  Hunger
a - Repel Missiles        Chrm/Air       #.....       100%        2    ###....
b - Blink                 Tloc           N/A          100%        2    ###....


Dungeon Overview and Level Annotations

Branches:
Dungeon (12/15)            Temple (1/1) D:4            Lair (7/8) D:10
 Shoals (0/4) Lair:4        Snake (0/4) Lair:3
  Slime: Lair:6-8       Orc: D:9-12

Altars:
Ashenzari
Cheibriados
Dithmenos
Elyvilon
Fedhas
Gozag
Makhleb
Nemelex Xobeh
Pakellas
Qazlal
Ru
Sif Muna
Trog
Vehumet
Xom
Yredelemnul
Zin
The Shining One

Shops:
D:9 (

Portals:
Trove: D:10 (show abyssal rune of Zot)


Innate Abilities, Weirdness & Mutations

You are resistant to damage.
You can recharge devices by infusing magical energy.
You passively map the area around you.
You do not regenerate naturally.


Message History

You are engulfed in calcifying dust.
You are slowing down.
The catoblepas barely misses you.
You hit the catoblepas but do no damage.
The catoblepas is almost dead.
You are engulfed in calcifying dust.
Your limbs have turned to stone.
The catoblepas gores you!
* * * LOW HITPOINT WARNING * * *
You have turned to stone.
You are engulfed in calcifying dust.
The catoblepas breathes a plume of calcifying dust at you.
The blast of calcifying dust hits you!
You are engulfed in calcifying dust.
The catoblepas smashes its foot into the ground.
The catoblepas gores you!!
* * * LOW HITPOINT WARNING * * *
You are engulfed in calcifying dust.
The catoblepas gores you!
* * * LOW HITPOINT WARNING * * *
You are engulfed in calcifying dust.
The catoblepas gores you!
You die...

#.P.P.......P...# ,
, #P.............#*
** ####..........##
*** , #
#......†......# ,
#.............# , ,,
* #.............## ,
#....#PP.......# ,
##P.##.........# *
## *
##.,#..Y@.....### *
, , .., *#
##..#.......# * , #.
, * #..#####..#.# **
*** ,* #.. ### .. *
, *. , #P.# * .#, *
##.. ....* ## #..
.... , ,#.(.,
####.##,... , , ...#
.....#.,,#.....#.P..
* ..PP##... *
##.†........ *


You could see a catoblepas.

Vanquished Creatures
  2 hill giants
  An ugly thing (D:9)
  A manticore (D:11)
  A black mamba (Lair:1)
  4 spiny frogs
  A centaur skeleton (D:11)
  3 komodo dragons
  A rime drake (Lair:7)
  2 kobold demonologists (D:11)
  2 trolls (D:10)
  7 blink frogs
  A boulder beetle (Lair:7)
  A two-headed ogre (D:8)
  2 wyverns
  34 yaks
  A hog (D:11)
  A human (D:11)
  5 hippogriffs
  A soldier ant (D:11)
  4 water moccasins
  7 porcupines
  3 orc warriors
  3 sky beasts
  2 ice beasts
  A wasp (D:10)
  4 ogres
  6 centaurs
  10 wolves
  4 crocodiles
  6 giant frogs
  A wyvern skeleton (D:9)
  2 scorpions
  10 killer bees
  4 howler monkeys
  7 wights
  2 electric eels (D:10)
  2 crimson imps (D:10)
  8 hounds
  A giant frog skeleton (D:9)
  2 jellies
  An orc priest (D:4)
  5 iguanas
  6 worker ants
  9 orc wizards
  9 sheep
  3 hound skeletons
  A worker ant zombie (D:11)
  A howler monkey skeleton (D:7)
  6 gnolls
  9 adders
  27 river rats
  2 shadow imps
  7 giant geckos
  20 orcs
  A giant cockroach (D:3)
  3 goblins (D:1)
  4 hobgoblins
  4 jackals
  5 kobolds
  5 quokkas
  A ball python (D:2)
  5 bats
  A giant newt (D:2)
  A quokka skeleton (D:6)
  5 rats
  A bush (Lair:1)
  A fungus (Lair:7)
  A plant (Lair:4)
304 creatures vanquished.

Vanquished Creatures (collateral kills)
  A yak (D:10)
1 creature vanquished.

Grand Total: 305 creatures vanquished

Notes
Turn   | Place    | Note
--------------------------------------------------------------
     0 | D:1      | redmage the Deep Dwarf Fighter began the quest for the Orb.
     0 | D:1      | Reached XP level 1. HP: 20/20 MP: 1/1
    72 | D:1      | Reached XP level 2. HP: 26/28 MP: 2/2
   135 | D:3      | Noticed a sky beast
   262 | D:2      | Reached skill level 3 in Axes
   276 | D:2      | Reached XP level 3. HP: 32/34 MP: 3/3
   400 | D:3      | Killed a sky beast
   400 | D:3      | Reached skill level 4 in Axes
   400 | D:3      | Reached XP level 4. HP: 18/44 MP: 4/4
   417 | D:3      | Found a white marble altar of Elyvilon.
   456 | D:4      | Found a staircase to the Ecumenical Temple.
   460 | Temple   | Entered the Ecumenical Temple
   474 | Temple   | Became a worshipper of Makhleb the Destroyer
   506 | D:4      | Reached skill level 5 in Axes
   506 | D:4      | Reached XP level 5. HP: 35/50 MP: 5/5
   558 | D:5      | Entered Level 5 of the Dungeon
   593 | D:6      | Found a shimmering altar of Xom.
   594 | D:6      | Found a glowing golden altar of the Shining One.
   769 | D:5      | Reached XP level 6. HP: 46/57 MP: 6/6
   843 | D:3      | Reached * piety under Makhleb
   974 | D:6      | Reached skill level 6 in Axes
  1161 | D:8      | Noticed an orc warrior
  1346 | D:7      | Reached skill level 7 in Axes
  1346 | D:7      | Reached XP level 7. HP: 49/66 MP: 7/7
  1378 | D:7      | Reached skill level 5 in Fighting
  1624 | D:7      | Reached skill level 8 in Axes
  1695 | D:9      | Found Yladilam's Weapon Emporium.
  1713 | D:9      | Reached XP level 8. HP: 47/76 MP: 8/8
  1809 | D:9      | Reached ** piety under Makhleb
  1830 | D:9      | Reached skill level 9 in Axes
  1848 | D:9      | Reached skill level 1 in Invocations
  1913 | D:10     | Entered Level 10 of the Dungeon
  1974 | D:10     | Noticed a hill giant
  2005 | D:9      | Noticed a brown ugly thing
  2019 | D:9      | Killed a brown ugly thing
  2019 | D:9      | Reached skill level 10 in Axes
  2031 | D:9      | Gained mutation: You passively map the area around you. [Deep Dwarf growth]
  2031 | D:9      | Reached XP level 9. HP: 52/85 MP: 12/12
  2213 | D:9      | Reached skill level 5 in Invocations
  2231 | D:9      | Reached skill level 11 in Axes
  2453 | D:8      | Reached *** piety under Makhleb
  2682 | D:8      | Reached XP level 10. HP: 62/96 MP: 14/14
  2943 | D:10     | Found a staircase to the Lair.
  2948 | D:10     | Reached skill level 12 in Axes
  2962 | D:10     | Reached **** piety under Makhleb
  2990 | Lair:1   | Entered Level 1 of the Lair of Beasts
  2990 | Lair:1   | Noticed a spiny frog
  3014 | Lair:1   | Killed a spiny frog
  3146 | Lair:1   | Noticed a black mamba
  3161 | Lair:1   | Killed a black mamba
  3161 | Lair:1   | Reached skill level 13 in Axes
  3278 | Lair:1   | Found a frozen archway.
  3283 | Lair:1   | Noticed a spiny frog
  3287 | IceCv    | Entered an ice cave
  3308 | Lair:1   | Killed a spiny frog
  3342 | Lair:1   | Reached skill level 5 in Armour
  3342 | Lair:1   | Reached XP level 11. HP: 25/104 MP: 12/12
  3595 | Lair:2   | Reached ***** piety under Makhleb
  3648 | Lair:3   | Reached skill level 14 in Axes
  3710 | Lair:3   | Noticed a death yak
  3713 | Lair:3   | Noticed a death yak
  3954 | Lair:4   | Found a staircase to the Shoals.
  3994 | Lair:5   | Noticed a death yak
  3994 | Lair:5   | Noticed a death yak
  3994 | Lair:5   | Noticed a death yak
  3994 | Lair:5   | Noticed a death yak
  3995 | Lair:5   | Noticed a death yak
  3995 | Lair:5   | Noticed a death yak
  4041 | Lair:3   | Noticed a death yak
  4042 | Lair:3   | Noticed a death yak
  4042 | Lair:3   | Noticed a death yak
  4043 | Lair:3   | Noticed a death yak
  4113 | D:10     | Noticed a hill giant
  4127 | D:10     | Killed a hill giant
  4156 | D:10     | Found a portal to a secret trove of treasure.
  4531 | D:10     | Reached skill level 15 in Axes
  4671 | D:11     | Noticed a sun demon
  4678 | D:11     | HP: 4/104 [sun demon[a kobold demonologist] (8)]
  4789 | D:11     | Noticed a hill giant
  4973 | D:11     | Noticed a hill giant
  4996 | D:11     | Learned a level 2 spell: Repel Missiles
  4999 | D:11     | Learned a level 2 spell: Blink
  5099 | D:11     | Killed a hill giant
  5104 | D:11     | Reached XP level 12. HP: 112/112 MP: 10/10
  5464 | Lair:5   | Reached skill level 16 in Axes
  5620 | Lair:7   | Reached ****** piety under Makhleb
  5855 | Lair:7   | Noticed a catoblepas
  5869 | Lair:7   | HP: 2/112 [catoblepas (25)]
  5878 | Lair:7   | HP: 5/112 [catoblepas (3)]
  5879 | Lair:7   | Slain by a catoblepas

Skill      XL: |  1  2  3  4  5  6  7  8  9 10 11 12 |
---------------+-------------------------------------+-----
Fighting       | 3 4 5 6 7 8 |  8.4
Axes           | 3 4 5 7 8 10 11 13 15 16 | 16.7
Invocations    | 4 6 8 |  8.0
Armour         | 5 8 9 |  9.2
Shields        | |  3.2

Action                   |  1- 3 |  4- 6 |  7- 9 | 10-12 || total
-------------------------+-------+-------+-------+-------++-------
Melee: War axe           |    63 |   269 |   199 |       ||   531
       Battleaxe         |       |       |   136 |   630 ||   766
Throw: Throwing net      |       |     1 |       |       ||     1
Invok: Lesser Servant of |       |       |       |     2 ||     2
 Abil: Device Recharging |       |       |     1 |     7 ||     8
       Evoke Berserk Rag |       |       |       |     1 ||     1
Evoke: Wand              |       |     5 |    11 |    23 ||    39
  Use: Scroll            |       |    14 |     2 |    12 ||    28
       Potion            |       |       |     1 |     5 ||     6
 Stab: Held in net/web   |       |     1 |       |       ||     1
       Invisible         |       |       |       |    12 ||    12
       Distracted        |       |       |       |     1 ||     1
  Eat: Chunk             |       |     1 |     3 |     8 ||    12
       Royal jelly       |       |     1 |       |       ||     1
       Pizza             |       |       |     1 |     2 ||     3
       Beef jerky        |       |       |       |     1 ||     1
Armor: Scale mail        |    24 |       |       |       ||    24
       Chain mail        |     7 |    41 |       |   373 ||   421
       Plate armour      |       |   138 |   214 |    72 ||   424
       Skin              |       |       |       |    55 ||    55
Dodge: Dodged            |    29 |    53 |    96 |   317 ||   495
Block: Shield            |    35 |   129 |   125 |       ||   289
